% Time on Ice - NORTH DAKOTA HAWKS
Lines # - Real PCT - Wanted PCT - Time Play
Normal Forward
1 - 33% - 32% - 16:16
2 - 28% - 28% - 13:51
3 - 26% - 26% - 13:02
4 - 13% - 14% - 6:40
Normal Defense
1 - 34% - 37% - 16:56
2 - 34% - 33% - 16:56
3 - 21% - 20% - 10:38
4 - 11% - 10% - 5:19
PP Forward
1 - 41% - 55% - 2:34
2 - 59% - 45% - 3:39
PP Defense
1 - 59% - 55% - 3:41
2 - 41% - 45% - 2:32
PK Forward
1 - 95% - 70% - 3:45
2 - 5% - 30% - 0:13
PK Defense
1 - 68% - 70% - 2:42
2 - 32% - 30% - 1:16
PK3 Forward
1 - 0% - 70%
2 - 0% - 30%
PK3 Defense
1 - 0% - 70%
2 - 0% - 30%
44 Forward
1 - 0% - 55%
2 - 0% - 45%
44 Defense
1 - 0% - 55%
2 - 0% - 45%
Last Minute Offensive  - 0:00
Last Minute Defensive  - 0:00
Total
Forward - 60:00
Defense - 60:00
% Time on Ice - LOS ANGELES SEALS
Lines # - Real PCT - Wanted PCT - Time Play
Normal Forward
1 - 35% - 36% - 17:38
2 - 30% - 31% - 15:10
3 - 22% - 23% - 10:57
4 - 12% - 10% - 6:04
Normal Defense
1 - 35% - 36% - 17:29
2 - 31% - 31% - 15:17
3 - 28% - 23% - 13:49
4 - 6% - 10% - 3:14
PP Forward
1 - 38% - 55% - 1:31
2 - 62% - 45% - 2:27
PP Defense
1 - 38% - 55% - 1:31
2 - 62% - 45% - 2:27
PK Forward
1 - 53% - 55% - 3:17
2 - 47% - 45% - 2:56
PK Defense
1 - 41% - 55% - 2:34
2 - 59% - 45% - 3:39
PK3 Forward
1 - 0% - 55%
2 - 0% - 45%
PK3 Defense
1 - 0% - 55%
2 - 0% - 45%
44 Forward
1 - 0% - 55%
2 - 0% - 45%
44 Defense
1 - 0% - 55%
2 - 0% - 45%
Last Minute Offensive  - 0:00
Last Minute Defensive  - 0:00
Total
Forward - 60:00
Defense - 60:00
Play-by-Play 1st period 0:01 of 1st period - Nazem Kadri wins face-off versus Dylan Strome in neutral zone. 0:01 of 1st period - Nazem Kadri is hit by Nikita Kucherov. 0:06 of 1st period - Jason Robertson is hit by Brady Skjei. 0:08 of 1st period - Shot by Jordan Kyrou. 0:08 of 1st period - Goal by Jordan Kyrou - NORTH DAKOTA HAWKS : 1 - LOS ANGELES SEALS : 0. 0:09 of 1st period - Mikael Backlund wins face-off versus Nick Suzuki in neutral zone. 0:21 of 1st period - Icing by Nick Holden. 0:22 of 1st period - Nick Suzuki wins face-off versus Christian Dvorak in NORTH DAKOTA HAWKS zone. 0:30 of 1st period - Off-side. 0:31 of 1st period - Jack Hughes wins face-off versus Juho Lammikko in neutral zone. 0:38 of 1st period - Shot by Jack Hughes. 0:38 of 1st period - Stopped by Linus Ullmark with a rebound. 0:40 of 1st period - Shot by Jake DeBrusk. 0:40 of 1st period - Stopped by Linus Ullmark without a rebound. 0:41 of 1st period - Dylan Strome wins face-off versus Nic Dowd in LOS ANGELES SEALS zone. 1:04 of 1st period - Shot by Frank Vatrano. 1:04 of 1st period - Shot Misses the Net. 1:23 of 1st period - Icing by Brady Skjei. 1:24 of 1st period - Nazem Kadri wins face-off versus Dylan Strome in LOS ANGELES SEALS zone. 1:51 of 1st period - Shot by Mikael Backlund. 1:51 of 1st period - Stopped by Carter Hart without a rebound. 1:52 of 1st period - Jack Hughes wins face-off versus Christian Dvorak in NORTH DAKOTA HAWKS zone. 2:24 of 1st period - Shot by Jack Hughes. 2:24 of 1st period - Shot Misses the Net. 3:34 of 1st period - Icing by Patrick Kane. 3:35 of 1st period - Juho Lammikko wins face-off versus Nick Suzuki in NORTH DAKOTA HAWKS zone. 3:42 of 1st period - Shot by Philip Tomasino. 3:42 of 1st period - Deflect By Juho Lammikko. 3:42 of 1st period - Shot Misses the Net. 4:12 of 1st period - Shot by Nazem Kadri. 4:12 of 1st period - Stopped by Linus Ullmark without a rebound. 4:13 of 1st period - Jack Hughes wins face-off versus Gustav Nyquist in LOS ANGELES SEALS zone. 4:51 of 1st period - Icing by Noah Dobson. 4:52 of 1st period - Nazem Kadri wins face-off versus Dylan Strome in LOS ANGELES SEALS zone. 5:04 of 1st period - Jason Robertson is hit by Filip Hronek and loses puck. 5:42 of 1st period - Shot by Mikael Backlund. 5:42 of 1st period - Deflect By Nick Bonino. 5:42 of 1st period - Shot Misses the Net. 6:51 of 1st period - Icing by Nick Holden. 6:52 of 1st period - Dylan Strome wins face-off versus Nick Suzuki in NORTH DAKOTA HAWKS zone. 7:15 of 1st period - Alex Killorn is hit by Noah Dobson. 7:18 of 1st period - Nick Suzuki is hit by Noah Dobson and loses puck. 7:24 of 1st period - Icing by Noah Dobson. 7:25 of 1st period - Jack Hughes wins face-off versus Gustav Nyquist in LOS ANGELES SEALS zone. 7:30 of 1st period - Shot by Jake DeBrusk. 7:30 of 1st period - Shot Misses the Net. 7:40 of 1st period - Shot by Jack Hughes. 7:40 of 1st period - Shot Misses the Net. 7:42 of 1st period - Shot by Josh Manson. 7:42 of 1st period - Shot Blocked by Filip Hronek. 7:44 of 1st period - Shot by Jack Hughes. 7:44 of 1st period - Stopped by Linus Ullmark without a rebound. 7:45 of 1st period - Nazem Kadri wins face-off versus Mikael Backlund in LOS ANGELES SEALS zone. 7:45 of 1st period - Jason Robertson is hit by Dean Kukan and loses puck. 8:05 of 1st period - Icing by Erik Johnson. 8:06 of 1st period - Juho Lammikko wins face-off versus Nazem Kadri in NORTH DAKOTA HAWKS zone. 8:20 of 1st period - Nazem Kadri is hit by Brandon Carlo and loses puck. 8:29 of 1st period - Shot by Jason Robertson. 8:29 of 1st period - Stopped by Linus Ullmark with a rebound. 8:31 of 1st period - Shot by Jason Robertson. 8:31 of 1st period - Shot Misses the Net. 8:56 of 1st period - Jack Hughes is hit by Brandon Carlo. 9:05 of 1st period - Reyley Smith is hit by Marcus Pettersson. 9:10 of 1st period - Jack Hughes is hit by Marcus Pettersson and loses puck. 9:16 of 1st period - Jack Hughes is hit by Brandon Carlo and loses puck. 9:21 of 1st period - Shot by Jake DeBrusk. 9:21 of 1st period - Shot Misses the Net. 9:23 of 1st period - Shot by Reyley Smith. 9:23 of 1st period - Deflect By Jack Hughes. 9:23 of 1st period - Shot Misses the Net. 9:25 of 1st period - Shot by Reyley Smith. 9:25 of 1st period - Stopped by Linus Ullmark without a rebound. 9:26 of 1st period - Nick Suzuki wins face-off versus Mikael Backlund in LOS ANGELES SEALS zone. 9:28 of 1st period - Patrick Kane is hit by Noah Dobson and loses puck. 9:40 of 1st period - Minor Penalty to Noah Dobson for Tripping. 9:41 of 1st period - Nick Bonino wins face-off versus Nazem Kadri in LOS ANGELES SEALS zone. 10:02 of 1st period - Shot by Reyley Smith. 10:02 of 1st period - Shot Misses the Net. 10:04 of 1st period - Shot by Reyley Smith. 10:04 of 1st period - Stopped by Linus Ullmark without a rebound. 10:05 of 1st period - Nick Suzuki wins face-off versus Mikael Backlund in LOS ANGELES SEALS zone. 10:46 of 1st period - Shot by Jack Hughes. 10:46 of 1st period - Stopped by Linus Ullmark with a rebound. 10:48 of 1st period - Shot by Alex Killorn. 10:48 of 1st period - Shot Misses the Net. 11:52 of 1st period - Shot by Dylan Strome. 11:52 of 1st period - Shot Misses the Net. 11:54 of 1st period - Shot by Dean Kukan. 11:54 of 1st period - Stopped by Carter Hart without a rebound. 11:55 of 1st period - Christian Dvorak wins face-off versus Nic Dowd in NORTH DAKOTA HAWKS zone. 11:58 of 1st period - Shot by Christian Dvorak. 11:58 of 1st period - Stopped by Carter Hart with a rebound. 12:21 of 1st period - Dillon Dube is hit by Matthew Boldy and loses puck. 13:06 of 1st period - Shot by Nick Suzuki. 13:06 of 1st period - Shot Misses the Net. 13:09 of 1st period - Icing by Brady Skjei. 13:10 of 1st period - Mikael Backlund wins face-off versus Nazem Kadri in LOS ANGELES SEALS zone. 13:42 of 1st period - Icing by Jordan Kyrou. 13:43 of 1st period - Dylan Strome wins face-off versus Nazem Kadri in NORTH DAKOTA HAWKS zone. 13:46 of 1st period - Shot by Nikita Kucherov. 13:46 of 1st period - Stopped by Carter Hart without a rebound. 13:47 of 1st period - Dylan Strome wins face-off versus Jack Hughes in NORTH DAKOTA HAWKS zone. 13:52 of 1st period - Shot by Nikita Kucherov. 13:52 of 1st period - Stopped by Carter Hart without a rebound. 13:53 of 1st period - Dylan Strome wins face-off versus Jack Hughes in NORTH DAKOTA HAWKS zone. 15:03 of 1st period - Jordan Kyrou is hit by Brady Skjei and loses puck. 15:39 of 1st period - Shot by Nick Bonino. 15:39 of 1st period - Shot Misses the Net. 15:54 of 1st period - Icing by Quinton Hughes. 15:55 of 1st period - Nazem Kadri wins face-off versus Juho Lammikko in NORTH DAKOTA HAWKS zone. 16:25 of 1st period - Shot by Alex Killorn. 16:25 of 1st period - Shot Misses the Net. 16:26 of 1st period - Minor Penalty to Marcus Pettersson for Roughing. 16:27 of 1st period - Nick Bonino wins face-off versus Nick Suzuki in LOS ANGELES SEALS zone. 17:54 of 1st period - Shot by Reyley Smith. 17:54 of 1st period - Stopped by Linus Ullmark without a rebound. 17:55 of 1st period - Nick Bonino wins face-off versus Nick Suzuki in LOS ANGELES SEALS zone. 18:53 of 1st period - Dylan Strome is hit by Josh Manson and loses puck. 19:13 of 1st period - Icing by Marcus Pettersson. 19:14 of 1st period - Nazem Kadri wins face-off versus Dylan Strome in LOS ANGELES SEALS zone. 19:19 of 1st period - Shot by Nazem Kadri. 19:19 of 1st period - Shot Misses the Net. Goals for this period are 1 for NORTH DAKOTA HAWKS vs 0 for LOS ANGELES SEALS. Shots for this period are 10 for NORTH DAKOTA HAWKS vs 5 for LOS ANGELES SEALS. 2nd period 0:01 of 2nd period - Mikael Backlund wins face-off versus Patrick Kane in neutral zone. 0:17 of 2nd period - Shot by Patrick Kane. 0:17 of 2nd period - Stopped by Linus Ullmark without a rebound. 0:18 of 2nd period - Dylan Strome wins face-off versus Jack Hughes in LOS ANGELES SEALS zone. 0:28 of 2nd period - Reyley Smith is hit by Dean Kukan and loses puck. 0:49 of 2nd period - Shot by Jake DeBrusk. 0:49 of 2nd period - Deflect By Jack Hughes. 0:49 of 2nd period - Stopped by Linus Ullmark with a rebound. 1:43 of 2nd period - Shot by Mikael Backlund. 1:43 of 2nd period - Stopped by Carter Hart without a rebound. 1:44 of 2nd period - Christian Dvorak wins face-off versus Patrick Kane in NORTH DAKOTA HAWKS zone. 1:55 of 2nd period - Shot by Christian Dvorak. 1:55 of 2nd period - Deflect By Matthew Boldy. 1:55 of 2nd period - Shot Misses the Net. 1:57 of 2nd period - Shot by Matthew Boldy. 1:57 of 2nd period - Shot Misses the Net. 2:15 of 2nd period - Shot by Matthew Boldy. 2:15 of 2nd period - Shot Blocked by Quinton Hughes. 2:17 of 2nd period - Shot by Matthew Boldy. 2:17 of 2nd period - Stopped by Carter Hart without a rebound. 2:18 of 2nd period - Mikael Backlund wins face-off versus Nazem Kadri in NORTH DAKOTA HAWKS zone. 3:16 of 2nd period - Minor Penalty to Dylan Strome for Tripping. 3:17 of 2nd period - Nick Suzuki wins face-off versus Mikael Backlund in LOS ANGELES SEALS zone. 3:32 of 2nd period - Shot by Patrick Kane. 3:32 of 2nd period - Goal by Patrick Kane - NORTH DAKOTA HAWKS : 2 - LOS ANGELES SEALS : 0. 3:33 of 2nd period - Nic Dowd wins face-off versus Dylan Strome in neutral zone. 4:52 of 2nd period - Shot by Patrick Kane. 4:52 of 2nd period -